 Dungeon Crawl Stone Soup version 0.18-a0-1788-g92de1ac (webtiles) character file.

3434 barb4r1an the Blocker (level 9, 0/80 HPs)
             Began as a Minotaur Fighter on Apr 20, 2016.
             Was a High Priest of Cheibriados.
             Slain by a spiny frog (18 damage)
             ... on level 8 of the Dungeon.
             The game lasted 00:12:58 (4752 turns).

barb4r1an the Blocker (Minotaur Fighter)            Turns: 4752, Time: 00:12:59

Health: 0/80       AC: 11    Str: 33    XL:     9   Next: 77%
Magic:  6/11       EV: 17    Int: 17    God:    Cheibriados [*****.]
Gold:   351        SH: 14    Dex: 32    Spells: 0 memorised, 8 levels left

rFire  + . .     SeeInvis .     x - +3 mace of Courage {elec, Dex+7}
rCold  . . .     Gourm    .     b - +0 scale mail
rNeg   + . .     Faith    .     c - +0 shield
rPois  +         Spirit   .     (helmet unavailable)
rElec  .         Dismiss  .     C - +2 cloak
rCorr  .         Reflect  .     (no gloves)
SustAt .         Harm     .     (no boots)
MR     .....     NoTele   +     y - amulet of regeneration
Stlth  +.........               F - ring "Alinkin" {-Tele rPois rF+ rN+ Slay+3}
                                e - +2 ring of dexterity

@: lethally poisoned (0 -> -1), slowed, very slow, not resistant to hostile
enchantments, very unstealthy
A: retaliatory headbutt, horns 3, weak 1
a: Bend Time, Temporal Distortion, Slouch, Step From Time, Renounce Religion


You were on level 8 of the Dungeon.
You worshipped Cheibriados.
Cheibriados was extremely pleased with you.
You were not hungry.

You visited 1 branch of the dungeon, and saw 8 of its levels.

You collected 351 gold pieces.

Inventory:

Hand Weapons
 u - the +7 mace of Okawaru's Regard {holy, Str+2}
   (You found it on level 4 of the Dungeon)

   It has been blessed by the Shining One to cause great damage to the undead
   and demons.
   It affects your strength (+2).
 x - the +3 mace of Courage (weapon) {elec, Dex+7}
   (You found it on level 4 of the Dungeon)

   Occasionally, upon striking a foe, it will discharge some electrical energy
   and cause terrible harm.
   It affects your dexterity (+7).
Armour
 b - a +0 scale mail (worn)
 c - a +0 shield (worn)
 C - a +2 cloak (worn)
Jewellery
 e - a +2 ring of dexterity (left hand)
 s - an uncursed ring of fire
 y - an amulet of regeneration (around neck)
 A - a cursed ring of protection from fire {unknown}
 F - the ring "Alinkin" (right hand) {-Tele rPois rF+ rN+ Slay+3}
   (You found it on level 4 of the Dungeon)

   [ring of slaying]

   It affects your accuracy and damage with ranged weapons and melee attacks
   (+3).
   It protects you from fire.
   It protects you from poison.
   It protects you from negative energy.
   It prevents most forms of teleportation.
 K - an uncursed amulet of rage {unknown}
 N - an uncursed ring of protection from cold {unknown}
Wands
 m - a wand of random effects (17/48)
 O - a wand of paralysis (13/24)
 P - a wand of acid (8/15)
Scrolls
 a - a scroll of amnesia {unknown}
 h - 6 scrolls of remove curse
 j - 3 scrolls of enchant armour
 k - 4 scrolls of blinking
 l - 4 scrolls of immolation
 o - a scroll of teleportation {unknown}
 q - a scroll of recharging {unknown}
 t - a scroll of noise {unknown}
 D - a scroll of magic mapping
 J - 2 scrolls of random uselessness {unknown}
 L - a scroll of identify
 Q - a scroll of enchant weapon {unknown}
Potions
 d - 2 potions of might
 g - a potion of flight {unknown}
 n - a potion of haste {unknown}
 p - 2 potions of degeneration
 r - a potion of lignification {unknown}
 v - 3 potions of curing
 w - 2 potions of cancellation {unknown}
 z - a potion of ambrosia {unknown}
 B - a potion of berserk rage {unknown}
 E - a potion of agility
 G - a potion of brilliance
 H - a potion of heal wounds {unknown}
Books
 M - a book of Frost

   Spells                             Type                      Level
   a - Freeze                         Ice                          1
   b - Throw Frost                    Conjuration/Ice              2
   c - Ozocubu's Armour               Charms/Ice                   3
   d - Throw Icicle                   Conjuration/Ice              4
   e - Summon Ice Beast               Ice/Summoning                4
Comestibles
 f - 6 bread rations
 i - 7 meat rations
 I - 15 fruits


   Skills:
 + Level 7.7 Fighting
 + Level 6.3 Maces & Flails
   Level 3.5 Polearms
 + Level 7.8 Armour
 + Level 6.5 Dodging
 + Level 8.0 Shields
 + Level 4.4 Invocations


You had 8 spell levels left.
You didn't know any spells.

Dungeon Overview and Level Annotations

Branches:
Dungeon (8/15)             Temple (0/1) D:4
   Lair: D:8-11

Altars:
Ashenzari
Cheibriados
Elyvilon
Gozag
Nemelex Xobeh
Okawaru
Ru
Vehumet

Shops:
D:6 }   D:7 [


Innate Abilities, Weirdness & Mutations

You reflexively headbutt those who attack you in melee.
You have a pair of large horns on your head.
You are weak. (Str -2)


Message History

Cheibriados lowers the support of your attributes as your movement quickens.
You block the spiny frog's attack.
You hit the spiny frog but do no damage.
You headbutt the spiny frog!
The spiny frog is moderately wounded.
The spiny frog stings you!
* * * LOW HITPOINT WARNING * * *
You are more poisoned.
The spiny frog poisons you! You block the spiny frog's attack.
You completely miss the spiny frog.
The spiny frog is moderately wounded.
You feel sick. You block the spiny frog's attack.
You hit the spiny frog but do no damage.
Your headbutt misses the spiny frog.
The spiny frog is moderately wounded.
You feel sick. You block the spiny frog's attack.
You closely miss the spiny frog. Your headbutt misses the spiny frog.
The spiny frog is moderately wounded.
You feel sick. You block the spiny frog's attack. The spiny frog stings you!!
You die...

#.##..#.##.......#
#.##.......#######
#)##.....###
#.####...#
#.####(..#
#........#
######...# #...#
#####..@######...
........†F.†......
..................
..........$.......
######...######...
#...# .. #...# .
#...# #....


You could see a spiny frog.

Vanquished Creatures
  Erica (D:8)
  The ghost of Mefis the Magician, a novice HuWz of Sif Muna (D:5)
  A wyvern (D:8)
  The ghost of Shotgun the Skirmisher, an amateur DrTm (D:4)
  2 orc warriors (D:6)
  A black bear (D:7)
  A sky beast (D:6)
  5 ogres
  2 giant frogs (D:8)
  3 wights (D:8)
  3 crimson imps
  A howler monkey (D:4)
  A jelly (D:6)
  A quasit (D:7)
  3 hounds
  Crazy Yiuf (D:4)
  5 orc priests
  Jessica (D:2)
  Natasha (thrice) (D:2)
  An iguana (D:6)
  5 orc wizards (D:6)
  5 worker ants
  A killer bee zombie (D:8)
  A hound skeleton (D:7)
  A worker ant zombie (D:7)
  Robin (D:2)
  9 gnolls
  8 adders
  A shadow imp (D:7)
  An ooze (D:4)
  2 adder skeletons
  2 worms
  2 dart slugs
  5 giant geckos
  15 orcs
  7 giant cockroaches
  20 goblins
  15 hobgoblins
  11 jackals
  3 quokkas
  3 ball pythons
  10 bats
  A giant cockroach zombie (D:6)
  A giant newt (D:4)
  A jackal skeleton (D:4)
  6 kobolds
  11 rats
186 creatures vanquished.

Vanquished Creatures (others)
  An orc wizard (D:4)
  A quokka (D:2)
2 creatures vanquished.

Grand Total: 188 creatures vanquished

Notes
Turn   | Place    | Note
--------------------------------------------------------------
     0 | D:1      | barb4r1an the Minotaur Fighter began the quest for the Orb.
     0 | D:1      | Reached XP level 1. HP: 19/19 MP: 0/0
    99 | D:1      | Reached XP level 2. HP: 24/27 MP: 1/1
   282 | D:1      | Reached skill level 1 in Dodging
   390 | D:1      | Reached XP level 3. HP: 33/33 MP: 2/2
   498 | D:2      | Found a snail-covered altar of Cheibriados.
   525 | D:2      | Became a worshipper of Cheibriados the Contemplative
   537 | D:2      | Noticed Natasha
   543 | D:2      | Killed Natasha
   543 | D:2      | Reached skill level 4 in Shields
   565 | D:2      | Found a white marble altar of Elyvilon.
   615 | D:2      | Reached XP level 4. HP: 38/40 MP: 3/3
   629 | D:2      | Found a shattered altar of Ashenzari.
   823 | D:2      | Reached skill level 1 in Polearms
   927 | D:2      | Found a sacrificial altar of Ru.
   967 | D:2      | Noticed Natasha
   988 | D:2      | Killed Natasha
  1019 | D:2      | Reached * piety under Cheibriados
  1188 | D:2      | Noticed Jessica
  1195 | D:2      | Reached XP level 5. HP: 33/46 MP: 4/4
  1200 | D:2      | Killed Jessica
  1462 | D:2      | Noticed Natasha
  1467 | D:2      | Killed Natasha
  1519 | D:3      | Noticed Robin
  1528 | D:2      | Killed Robin
  1596 | D:3      | Reached ** piety under Cheibriados
  1691 | D:3      | You fall through a shaft for 2 floors!
  1691 | D:5      | Entered Level 5 of the Dungeon
  1691 | D:5      | Noticed Mefis's ghost (novice HuWz)
  1732 | D:5      | Killed Mefis's ghost
  1732 | D:5      | Reached skill level 5 in Fighting
  1732 | D:5      | Reached skill level 5 in Armour
  1732 | D:5      | Reached skill level 5 in Shields
  1732 | D:5      | Reached XP level 6. HP: 42/56 MP: 5/5
  1873 | D:5      | Reached XP level 7. HP: 59/61 MP: 6/6
  2283 | D:4      | Got an ichor-stained mace
  2284 | D:4      | Identified the +7 mace of Okawaru's Regard {holy, Str+2} (You found it on level 4 of the Dungeon)
  2289 | D:4      | Noticed Crazy Yiuf
  2294 | D:4      | Killed Crazy Yiuf
  2294 | D:4      | Reached *** piety under Cheibriados
  2299 | D:4      | Got a twisted mace
  2309 | D:4      | Identified the +3 mace of Courage {elec, Dex+7} (You found it on level 4 of the Dungeon)
  2399 | D:4      | Got a flickering lapis lazuli ring
  2455 | D:4      | Found a radiant altar of Vehumet.
  2469 | D:4      | Found a staircase to the Ecumenical Temple.
  2526 | D:4      | Noticed Shotgun's ghost (amateur DrTm)
  2531 | D:4      | Killed Shotgun's ghost
  2531 | D:4      | Reached skill level 6 in Shields
  2531 | D:4      | Reached skill level 1 in Invocations
  2630 | D:4      | Reached XP level 8. HP: 70/70 MP: 7/7
  2766 | D:4      | Found an iron altar of Okawaru.
  2876 | D:3      | Reached **** piety under Cheibriados
  3069 | D:3      | Identified the ring "Alinkin" {-Tele rPois rF+ rN+ Slay+3} (You found it on level 4 of the Dungeon)
  3293 | D:6      | Found Pocownih's Gadget Shoppe.
  3522 | D:6      | Reached skill level 5 in Dodging
  3801 | D:6      | Reached skill level 7 in Shields
  3843 | D:6      | Gained mutation: You are weak. (Str -2) [mutagenic meat]
  3844 | D:6      | Gained mutation: You have a pair of large horns on your head. [mutagenic meat]
  3925 | D:6      | Reached ***** piety under Cheibriados
  4035 | D:7      | Found Vyof's Antique Armour Shop.
  4046 | D:7      | Reached skill level 5 in Maces & Flails
  4064 | D:7      | Reached XP level 9. HP: 78/78 MP: 10/10
  4606 | D:7      | Found an opulent altar of Gozag.
  4607 | D:7      | Found a sparkling altar of Nemelex Xobeh.
  4728 | D:8      | Noticed Erica
  4739 | D:8      | Noticed a spiny frog
  4744 | D:8      | Killed Erica
  4746 | D:8      | Reached skill level 8 in Shields
  4752 | D:8      | Slain by a spiny frog

Vault maps used:
D:1:      dpeg_arrival_boxes_within_box, serial_bayou, serial_bayou_pond_d,
          serial_bayou_pond_d, serial_bayou_shore_b, serial_bayou_pond_b,
          minmay_statues_item
D:2:      kennysheep_six_static_rooms, overflow_temple_1_default,
          nicolae_ashenzari_panopticon, marbit_many_paths, elyvilon_altar_4,
          uniq_jessica, uniq_natasha
D:3:      minmay_goblin_outpost, uniq_robin
D:4:      overflow_temple_1_default, vehumet_crystals,
          minmay_temple_entry_statues_pillars, uniq_crazy_yiuf_cottage
D:5:      first_bread, lemuel_another_geyser
D:6:      serial_shops, shop, eino_tiny_chamber
D:7:      grunt_temple_overflow_opulence, serial_shops, kennysheep_little_box
D:8:      dpeg_lair_monsters, uniq_erica, uniq_psyche

Skill      XL: |  1  2  3  4  5  6  7  8  9 |
---------------+----------------------------+-----
Armour         | 4 5 6 7 |  7.8
Dodging        | 1 2 3 4 5 6 |  6.5
Shields        | 4 5 6 7 8 |  8.0
Fighting       | 4 5 6 7 |  7.7
Polearms       | 1 2 3 |  3.5
Maces & Flails | 3 5 6 |  6.3
Invocations    | 1 3 4 |  4.4

Action                   |  1- 3 |  4- 6 |  7- 9 || total
-------------------------+-------+-------+-------++-------
Melee: Flail             |    28 |       |       ||    28
       Spear             |    31 |   148 |    19 ||   198
       Headbutt          |     5 |    24 |    64 ||    93
       Mace              |       |       |   164 ||   164
       Falchion          |       |       |     7 ||     7
Invok: Bend Time         |       |       |     3 ||     3
  Use: Scroll            |       |       |     9 ||     9
  Eat: Chunk             |       |     2 |     2 ||     4
       Fruit             |       |       |     5 ||     5
       Pizza             |       |       |     1 ||     1
       Meat ration       |       |       |     1 ||     1
Armor: Scale mail        |    16 |    32 |    54 ||   102
Dodge: Dodged            |    12 |    40 |    91 ||   143
Block: Shield            |    23 |    64 |   148 ||   235
